 Dungeon Crawl Stone Soup version 0.24.0-123-gd5b16e6ec5 (webtiles) character file.

Game seed: 8264353659228509569, levelgen mode: deterministic

101 FishyPogo the Ducker (level 4, 0/34 HPs)
             Began as a Demonspawn Gladiator on Jan 26, 2020.
             Was a Plaything of Xom.
             Slain by Grinder (7 damage)
             ... on level 3 of the Dungeon.
             The game lasted 00:04:51 (1701 turns).

FishyPogo the Ducker (Demonspawn Gladiator)         Turns: 1701, Time: 00:04:53

Health: 0/34       AC:  4    Str: 15    XL:     4   Next: 48%
Magic:  4/4        EV: 10    Int:  9    God:    Xom [....*.]
Gold:   40         SH:  8    Dex: 15    Spells: 3/3 levels left

rFire    . . .     SeeInvis .   a - +4 short sword
rCold    . . .     Gourm    .   l - +0 shield
rNeg     . . .     Faith    .   b - +0 leather armour
rPois    .         Spirit   .   c - +0 helmet
rElec    .         Reflect  .   (no cloak)
rCorr    .         Harm     .   (no gloves)
MR       +....     Clarity  +   (no boots)
Stlth    +.........             (no amulet)
HPRegen  0.11/turn              s - ring of protection from magic
MPRegen  0.09/turn              (no ring)

@: no status effects
A: talons 1, clarity
a: Renounce Religion


You were on level 3 of the Dungeon.
You worshipped Xom.
You were a beloved toy of Xom.
You were hungry.

You visited 1 branch of the dungeon, and saw 3 of its levels.

You collected 40 gold pieces.

Inventory:

Hand Weapons
 a - a +4 short sword (weapon)
Missiles
 d - 3 throwing nets (quivered)
 i - 134 stones
 j - a javelin
 n - 24 poisoned darts
Armour
 b - a +0 leather armour (worn)
 c - a +0 helmet (worn)
 l - a +0 shield (worn)
Jewellery
 r - an uncursed ring of fire
 s - a ring of protection from magic (left hand)
Scrolls
 e - 3 scrolls of remove curse {unknown}
 g - a scroll of fear {unknown}
 h - 2 scrolls of identify {unknown}
 k - a scroll of immolation {unknown}
 p - a scroll of random uselessness {unknown}
Potions
 m - a potion of curing
 o - a potion of mutation {unknown}
 q - a potion of berserk rage {unknown}
Comestibles
 f - 5 rations
 t - a chunk of flesh


   Skills:
 + Level 2.6 Fighting
 * Level 1.0 Short Blades
   Level 2.9 Axes
 - Level 2.0 Throwing
 + Level 1.5 Armour
 - Level 3.0 Dodging
 * Level 1.6 Shields


You had 3 spell levels left.
You didn't know any spells.
Your spell library was empty.

Dungeon Overview and Level Annotations

Branches:
Dungeon (3/15)

Altars:
Xom

Annotations:
D:3 Grinder


Innate Abilities, Weirdness & Mutations

You have sharp toenails.
You possess an exceptional clarity of mind.


Message History

You block the bat's attack. Grinder completely misses you.
You hit Grinder. Your kick misses Grinder.
Grinder is heavily wounded.
The bat hits you but does no damage. Grinder hits you!
You writhe in agony.
You barely miss Grinder.
Grinder is heavily wounded.
The bat hits you but does no damage. The bat barely misses you.
Grinder hits you.
You writhe in agony.
You hit Grinder. You claw Grinder.
Grinder is heavily wounded.
The bat hits you but does no damage. Grinder gestures at you.
You easily resist.
You hit Grinder. Your kick misses Grinder.
Grinder is severely wounded.
The bat hits you but does no damage. Grinder hits you!
* * * LOW HITPOINT WARNING * * *
Grinder hits you!
You die...
Xom bursts into laughter!

#### ...# #####
##'###...# #####
.....#...# #...
.....#...#####.########
.....#................#
.....##'######.#@.###.#
#...###.# #†#5b# #...#
#.# #.#..# ....# #.#
#.#### ....###'## #..
....#....# ###
♣...#....# ♣.'##....##
♣..#......#


You could see Grinder and a bat.

Vanquished Creatures
  4 adders
  2 gnolls (D:2)
  A dart slug (D:1)
  A ball python (D:2)
  6 bats
  3 giant cockroaches
  3 goblins (D:1)
  6 hobgoblins
  5 kobolds
  A quokka (D:2)
  8 frilled lizards
  3 rats
43 creatures vanquished.

Vanquished Creatures (collateral kills)
  A gnoll (D:2)
  A frilled lizard (D:2)
2 creatures vanquished.

Grand Total: 45 creatures vanquished

Notes
Turn   | Place    | Note
-------+----------+-------------------------------------------
     0 | D:1      | FishyPogo the Demonspawn Gladiator began the quest for the
                  | Orb.
     0 | D:1      | Reached XP level 1. HP: 16/16 MP: 1/1
   195 | D:1      | Found a shimmering altar of Xom.
   207 | D:1      | Became a worshipper of Xom of Chaos
   212 | D:1      | XOM: harmless Conj miscast
   213 | D:1      | Gained mutation: You have sharp toenails. [demonic
                  | ancestry]
   213 | D:1      | Reached XP level 2. HP: 16/22 MP: 2/2
   418 | D:1      | Reached skill level 1 in Armour
   534 | D:1      | XOM: scenery: create altars
   586 | D:2      | Reached XP level 3. HP: 18/27 MP: 3/3
   590 | D:2      | XOM: snakes to sticks
   885 | D:2      | Reached skill level 1 in Shields
   925 | D:2      | XOM: 2-stop teleportation journey
  1049 | D:2      | XOM: give mutation
  1049 | D:2      | Gained mutation: You possess an exceptional clarity of
                  | mind. [Xom's grace]
  1054 | D:2      | XOM: god gift: club {god gift}
  1062 | D:2      | XOM: summons 3 friendly demons
  1071 | D:2      | Reached skill level 3 in Dodging
  1071 | D:2      | Reached XP level 4. HP: 13/34 MP: 4/4
  1690 | D:3      | Reached skill level 1 in Short Blades
  1691 | D:3      | Noticed Grinder
  1701 | D:3      | Slain by Grinder

Levels and vault maps discovered:
D:1:      lightli_arrival_quake, layout_rooms, xom_teletrap_fun
D:2:      layout_rooms, chequers_serial_rivers_small_a,
          chequers_serial_rivers_marsh
D:3:      layout_basic, minmay_misc_feat_enclosed, minmay_stone_trees_small,
          chequers_serial_rivers_micro_a, uniq_grinder, uniq_natasha

Skill      XL: |  1  2  3  4 |
---------------+-------------+-----
Armour         | 1 |  1.5
Throwing       | 2 |  2.0
Shields        | 1 |  1.6
Dodging        | 3 |  3.0
Short Blades   | 1 |  1.0
Fighting       | |  2.6
Axes           | |  2.9

Action                   |  1- 3 |  4- 6 || total
-------------------------+-------+-------++-------
Melee: War axe           |    66 |       ||    66
       Kick              |    15 |     5 ||    20
       Short sword       |    12 |    36 ||    48
  Use: Potion            |     3 |       ||     3
 Stab: Sleeping          |     2 |       ||     2
       Distracted        |       |     1 ||     1
  Eat: Chunk             |       |     2 ||     2
Armor: Leather armour    |    39 |     9 ||    48
Dodge: Dodged            |    57 |    17 ||    74
Block: Shield            |    39 |    16 ||    55
